 Dungeon Crawl Stone Soup version 0.30-a0-881-g1ff12e1e11 (webtiles) character file.

Game seed: 17960162369639737390

644 Dittersdorf the Covered (level 7, -1/44 HPs)
             Began as a Gargoyle Fighter on Mar 14, 2023.
             Killed by an exploding butterfly (31 damage)
             ... ignited by their inner flame
             ... on level 5 of the Dungeon.
             The game lasted 00:03:59 (2954 turns).

Dittersdorf the Covered (Gargoyle Fighter)          Turns: 2954, Time: 00:03:59

Health: -1/44      AC: 19    Str: 27    XL:     7   Next: 52%
Magic:  7/7        EV:  8    Int:  9    God:
Gold:   284        SH:  5    Dex:  9    Spells: 6/6 levels left

rFire   . . .      SeeInvis .    a - +0 flail
rCold   . . .      Faith    .    c - +0 buckler
rNeg    + . .      Spirit   .    t - +1 chain mail
rPois   ∞          Reflect  .    n - +0 helmet
rElec   +          Rampage  .    u - scarf {shadows}
rCorr   .                        f - +0 pair of gloves
Will    .....                    g - +0 pair of boots Stlth
                                 (no amulet)
HPRegen 0.27/turn                r - +6 ring of strength
MPRegen 0.10/turn                (no ring)

@: no status effects
A: sickness immunity, AC +4, negative energy resistance 1, electricity
resistance, torment resistance 1, petrification resistance
a: no special abilities


You were on level 5 of the Dungeon.
You visited 1 branch of the dungeon, and saw 5 of its levels.

You collected 284 gold pieces.

Inventory:

Hand Weapons
 a - a +0 flail (weapon)
Armour
 c - a +0 buckler (worn)
 f - a +0 pair of gloves (worn)
 g - a +0 pair of boots (worn)
 n - a +0 helmet (worn)
 t - a +1 chain mail (worn)
 u - a scarf of shadows (worn)
Jewellery
 r - a +6 ring of strength (left hand)
Scrolls
 i - a scroll of teleportation
 k - a scroll of enchant armour
Potions
 d - a potion of might
 h - a potion of cancellation
 j - a potion of flight
 m - a potion of haste
 o - 3 potions of curing
 p - a potion of brilliance
 q - a potion of magic
 s - a potion of heal wounds {unknown}


   Skills:
 + Level 5.4 Fighting
 + Level 4.3 Maces & Flails
 + Level 5.4 Armour
 + Level 5.4 Shields


You had 6 spell levels left.
You didn't know any spells.
Your spell library contained the following spells:

 Spells                   Type           Power      Damage    Failure   Level
 Beastly Appendage        Tmut           0%         N/A       96%         1
 Wereblood                Tmut           0%         N/A       99%         2
 Ozocubu's Armour         Ice            0%         N/A       100%        3
 Spider Form              Tmut/Pois      0%         N/A       100%        3
 Ozocubu's Refrigeration  Ice            0%         4d7       100%        7


Dungeon Overview and Level Annotations

Branches:
Dungeon (5/15)
 Temple: D:4-7

Altars:
Gozag

Annotations:
D:3 2 transporters, Lexicon's ghost, amateur NaIE


Innate Abilities, Weirdness & Mutations

You are immune to sickness and miasma.
Your stone body is resilient. (AC +4)
You are immune to poison.
You resist negative energy. (rN+)
You are resistant to electric shocks. (rElec)
You are resistant to unholy torment.
You are immune to petrification.


Message History

Your butterfly explodes!
The fiery explosion engulfs your butterfly!!
Your butterfly disappears in a burst of colours!
Your butterfly explodes!
The fiery explosion engulfs your butterfly!!
Your butterfly disappears in a burst of colours!
Your butterfly explodes!
The fiery explosion engulfs your butterfly!!
Your butterfly disappears in a burst of colours!
The fiery explosion engulfs your butterfly!!
Your butterfly disappears in a burst of colours!
The fiery explosion engulfs your butterfly!!
Your butterfly disappears in a burst of colours!
Your butterfly explodes!
The fiery explosion engulfs your butterfly!
Your butterfly disappears in a burst of colours!
The fiery explosion engulfs your butterfly!!
Your butterfly disappears in a burst of colours!
The fiery explosion engulfs your butterfly!!
Your butterfly disappears in a burst of colours!
The fiery explosion engulfs your butterfly!
Your butterfly disappears in a burst of colours!
Your butterfly explodes!
The fiery explosion engulfs your butterfly!
Your butterfly disappears in a burst of colours!
The fiery explosion engulfs your butterfly!!!
Your butterfly disappears in a burst of colours!
The fiery explosion engulfs your butterfly!!
Your butterfly disappears in a burst of colours!
Your butterfly explodes!
The fiery explosion engulfs your butterfly!!
Your butterfly disappears in a burst of colours!
The fiery explosion engulfs your butterfly!!
Your butterfly disappears in a burst of colours!
The fiery explosion engulfs your butterfly!!!
Your butterfly disappears in a burst of colours!
Your butterfly explodes!
The fiery explosion engulfs you!!
Ouch! That really hurt!
You die...

##......
..bbb..###
o..b§§§..
...§§§§§## ..
bb§§§§§§§#..#
.b§§§§§§§....
$.§§§§@§b#
..§§§§§§##
..§§§§§.#
...#§§§.# ##
......
#.###... #.
###


You could see an orc wizard.

Vanquished Creatures
  Grinder (D:3)
  Sigmund (D:2)
  A black bear (D:5)
  A scorpion (D:4)
  A jelly (D:4)
  Jessica (D:2)
  An orc wizard (D:4)
  5 adders
  2 dart slugs
  3 worms
  6 ball pythons
  2 bats (D:1)
  7 endoplasms
  4 giant cockroaches
  9 goblins
  7 hobgoblins
  4 jackals
  10 kobolds
  9 quokkas
  5 frilled lizards
  5 rats
85 creatures vanquished.

Vanquished Creatures (others)
  10 plants (D:1)
10 creatures vanquished.

Grand Total: 95 creatures vanquished

Notes
Turn   | Place    | Note
-------+----------+-------------------------------------------
     0 | D:1      | Dittersdorf the Gargoyle Fighter began the quest for the
                  | Orb.
     0 | D:1      | Reached XP level 1. HP: 14/14 MP: 1/1
    93 | D:1      | Reached XP level 2. HP: 19/19 MP: 2/2
   378 | D:1      | Reached XP level 3. HP: 23/23 MP: 3/3
   761 | D:2      | Noticed Sigmund
   774 | D:2      | Killed Sigmund
   775 | D:2      | Reached XP level 4. HP: 18/30 MP: 4/4
   775 | D:2      | Reached XP level 5. HP: 20/34 MP: 5/5
   871 | D:2      | Noticed Jessica
   875 | D:2      | Killed Jessica
   876 | D:2      | Reached XP level 6. HP: 34/39 MP: 6/6
  1622 | D:3      | Found a transporter.
  1623 | D:3      | Noticed Lexicon's ghost (amateur NaIE)
  1624 | D:3      | Found a transporter.
  2037 | D:3      | Noticed Grinder
  2061 | D:3      | Paralysed by Grinder for 5 turns
  2070 | D:3      | Killed Grinder
  2071 | D:3      | Reached skill level 5 in Fighting
  2071 | D:3      | Reached skill level 5 in Armour
  2071 | D:3      | Reached skill level 5 in Shields
  2071 | D:3      | Reached XP level 7. HP: 20/44 MP: 7/7
  2585 | D:4      | Found an opulent altar of Gozag.
  2950 | D:5      | Entered Level 5 of the Dungeon
  2954 | D:5      | Killed by an exploding butterfly... ignited by their inner
                  | flame

Illustrated notes

Levels and vault maps discovered:
D:1:      minmay_arrival_five_plusses, layout_basic, roderic_roman_lattice,
          nrook_campfire, minmay_misc_feat_more_columns, serial_bayou_pond_c,
          minmay_heptomino_w4
D:2:      layout_basic, uniq_sigmund, uniq_jessica
D:3:      layout_loops_corners, gammafunk_ghost_smash, uniq_grinder
D:4:      layout_basic, amcnicky_altar_gilded, minmay_starry_boxes
D:5:      layout_cave_pools, minmay_temple_entry_statues_fountains,
          cheibrodos_sewer_entry_sluice, enter_ossuary_4, minmay_bent

Skill      XL: |  1  2  3  4  5  6 |
---------------+-------------------+-----
Fighting       | 4 5 |  5.4
Maces & Flails | 3 4 |  4.3
Armour         | 4 5 |  5.4
Shields        | 4 5 |  5.4

Action                     |  1- 3 |  4- 6 |  7- 9 || total
---------------------------+-------+-------+-------++-------
  Melee: Flail             |   139 |   134 |    60 ||   333
  Throw: Throwing net      |     1 |       |       ||     1
    Use: Scroll            |       |       |    13 ||    13
   Stab: Held in net/web   |     1 |       |       ||     1
 Armour: Scale mail        |   114 |    70 |       ||   184
         Chain mail        |       |    19 |    46 ||    65
  Dodge: Dodged            |    86 |    70 |    30 ||   186
  Block: Buckler           |    37 |    28 |    17 ||    82

Table legend: (Time is in decaauts)
 A = Elapsed time spent in this place.
 B = Non-inter-level travel time spent in this place.
 C = Inter-level travel time spent in this place.
 D = Time resting spent in this place.
 E = Time spent auto-exploring this place.
 F = Levels seen in this place.
 G = Mean time per level.
                   A        B        C        D        E       F      G
               +--------+--------+--------+--------+--------+-----+--------+
         Total |   3055 |   2916 |    139 |     43 |   2093 |   5 |  611.0 |
       Dungeon |   3055 |   2916 |    139 |     43 |   2093 |   5 |  611.0 |
               +--------+--------+--------+--------+--------+-----+--------+

Top non-repeatable levels by time:
     D:3: 822 daAuts
     D:1: 821 daAuts
     D:2: 768 daAuts
     D:4: 638 daAuts
     D:5: 3 daAuts
